 Dungeon Crawl Stone Soup version 0.25.0-46-gbd7b0854d2 (webtiles) character file.

Game seed: 10721882049105001283

216339 Delamore the Warrior (level 19, -11/132 HPs)
             Began as a Gargoyle Fighter on July 14, 2020.
             Was a High Priest of Qazlal.
             Mangled by a snapping turtle (17 damage)
             ... on level 3 of the Shoals.
             The game lasted 00:48:17 (33284 turns).

Delamore the Warrior (Gargoyle Fighter)            Turns: 33284, Time: 00:48:18

Health: -11/132    AC: 31    Str: 28    XL:     19   Next: 5%
Magic:  0/26       EV: 10    Int: 14    God:    Qazlal [*****.]
Gold:   3160       SH: 30    Dex: 15    Spells: 16/18 levels left

rFire    + + +     SeeInvis .   J - +7 flail (freeze)
rCold    + + .     Gourm    .   c - +0 kite shield
rNeg     + . .     Faith    .   u - +1 ring mail of the Black Moon {rF++ Str+3}
rPois    ∞         Spirit   +   (helmet restricted)
rElec    +         Reflect  .   X - scarf {rC+ rF+}
rCorr    +         Harm     .   Q - +2 pair of gloves of the Pit {Dex+6}
MR       +....                  F - +2 pair of boots
Stlth    +.........             K - brooch of Shielding {Spirit SH+8}
HPRegen  0.32/turn              B - ring of resist corrosion
MPRegen  0.20/turn              Y - ring of protection from cold

@: mighty, marked, protected from fire, flying, mesmerised, very slightly
contaminated, slowed, glowing, repel missiles, very slow
A: big wings, horns 1, clever 1, negative energy resistance 1, electricity
resistance, unbreathing, petrification resistance, rot immunity, AC +14
}: 1/15 runes: serpentine
a: Stop Flying, Upheaval, Elemental Force, Disaster Area, Renounce Religion


You were on level 3 of the Shoals.
You worshipped Qazlal.
Qazlal was extremely pleased with you.
You were not hungry.

You visited 6 branches of the dungeon, and saw 31 of its levels.
You also visited: Bailey, Gauntlet and Ice Cave.

You collected 3350 gold pieces.
You spent 190 gold pieces at shops.

Inventory:

Hand Weapons
 J - a +7 flail of freezing (weapon)
Missiles
 k - 6 boomerangs of dispersal
 n - 4 throwing nets
 R - 15 silver javelins (quivered)
Armour
 c - a +0 kite shield (worn)
 u - the +1 ring mail of the Black Moon (worn) {rF++ Str+3}
   (You found it on level 10 of the Dungeon)

   It affects your strength (+3).
   It greatly protects you from fire.
 F - a +2 pair of boots (worn)
 N - a +1 helmet of see invisible
 P - a +0 tower shield
 Q - the +2 pair of gloves of the Pit (worn) {Dex+6}
   (You found it in a Gauntlet)

   It affects your dexterity (+6).
 X - a scarf of resistance (worn)
Jewellery
 B - a ring of resist corrosion (left hand)
 K - the brooch of Shielding (around neck) {Spirit SH+8}
   (You found it in a Gauntlet)

   [amulet of guardian spirit]

   It causes incoming damage to be split between your health and magic.
   It affects your SH (+8).
 S - an uncursed ring of protection from cold
 Y - a ring of protection from cold (right hand)
Wands
 e - a wand of random effects (12)
 p - a wand of polymorph (11)
 r - a wand of digging (5)
 v - a wand of clouds (17)
 A - a wand of acid (21)
 C - a wand of paralysis (6)
 E - a wand of enslavement (29)
 G - a wand of disintegration (71)
 V - a wand of flame (51)
Scrolls
 a - 2 scrolls of fog
 b - 6 scrolls of enchant weapon
 i - 2 scrolls of silence
 l - 3 scrolls of magic mapping
 o - 8 scrolls of remove curse
 s - 18 scrolls of teleportation
 w - 2 scrolls of blinking
 y - 4 scrolls of enchant armour
 z - 6 scrolls of fear
 H - 3 scrolls of brand weapon
 I - a scroll of acquirement {unknown}
 L - 2 scrolls of identify
 O - 2 scrolls of immolation
Potions
 d - 6 potions of might
 g - 2 potions of heal wounds
 h - 6 potions of cancellation
 j - a potion of resistance
 m - 4 potions of haste
 q - 3 potions of brilliance
 t - a potion of berserk rage
 x - a potion of invisibility
 D - 2 potions of mutation
 M - 10 potions of curing
 T - a potion of magic
Comestibles
 f - 36 rations


   Skills:
 + Level 19.1 Fighting
 - Level 16.0 Maces & Flails
 - Level 16.2 Armour
 - Level 15.0 Shields
 - Level 9.4 Invocations
 - Level 7.9 Evocations


You had 16 spell levels left.
You knew the following spells:

 Your Spells              Type           Power        Failure   Level  Hunger
a - Song of Slaying       Chrm           #.......     50%         2    ###....

Your spell library contained the following spells:

 Spells                   Type           Power        Failure   Level  Hunger
 Beastly Appendage        Tmut           #.....       36%         1    ##.....
 Corona                   Hex            #......      36%         1    ##.....
 Foxfire                  Conj/Fire      #...         36%         1    ##.....
 Freeze                   Ice            #...         36%         1    ##.....
 Infusion                 Chrm           #...         36%         1    ##.....
 Sandblast                Erth           #.....       36%         1    ##.....
 Summon Butterflies       Summ           #.......     36%         1    ##.....
 Ensorcelled Hibernation  Hex/Ice        #.....       50%         2    ###....
 Passwall                 Tmut/Erth      #.......     50%         2    ###....
 Shroud of Golubria       Chrm/Tloc      #.....       50%         2    ###....
 Sticks to Snakes         Tmut           #.......     50%         2    ###....
 Call Canine Familiar     Summ           #.......     73%         3    ####...
 Confusing Touch          Hex            #.......     73%         3    ####...
 Dazzling Flash           Conj/Hex       #.....       73%         3    ####...
 Frozen Ramparts          Ice            #.....       73%         3    ####...
 Ignite Poison            Fire/Tmut/Pois #.......     73%         3    ####...
 Ozocubu's Armour         Chrm/Ice       #.......     73%         3    ####...
 Portal Projectile        Hex/Tloc       #.....       73%         3    ####...
 Spectral Weapon          Hex/Chrm       #.......     73%         3    ####...
 Spider Form              Tmut/Pois      #.........   73%         3    ####...
 Stone Arrow              Conj/Erth      #.....       73%         3    ####...
 Tukima's Dance           Hex            #.......     73%         3    ####...
 Fulminant Prism          Conj/Hex       #.........   98%         4    #####..
 Hailstorm                Conj/Ice       #.......     98%         4    #####..
 Ice Form                 Ice/Tmut       #.......     98%         4    #####..
 Leda's Liquefaction      Hex/Erth       #.........   98%         4    #####..
 Petrify                  Tmut/Erth      #.......     98%         4    #####..
 Sticky Flame             Conj/Fire      #.......     98%         4    #####..
 Summon Ice Beast         Ice/Summ       #.......     98%         4    #####..
 Blade Hands              Tmut           #.........   100%        5    ######.
 Bolt of Magma            Conj/Fire/Erth #.........   100%        5    ######.
 Excruciating Wounds      Chrm/Necr      #.........   100%        5    ######.
 Iskenderun's Battlesphe  Conj/Chrm      #.......     100%        5    ######.
 Lee's Rapid Deconstruct  Erth           #.........   100%        5    ######.
 Metabolic Englaciation   Hex/Ice        #.........   100%        5    ######.
 Summon Mana Viper        Hex/Summ       #.......     100%        5    ######.
 Freezing Cloud           Conj/Ice/Air   #.........   100%        6    #######
 Iron Shot                Conj/Erth      #.........   100%        6    #######
 Ozocubu's Refrigeration  Ice            #.........   100%        6    #######
 Simulacrum               Ice/Necr       #.........   100%        6    #######
 Orb of Destruction       Conj           #.........   100%        7    #######
 Spellforged Servitor     Conj/Summ      #.........   100%        7    #######
 Summon Hydra             Summ           #.........   100%        7    #######
 Shatter                  Erth           #.........   100%        9    #######
 Statue Form              Tmut/Erth      Unusable     N/A         6    N/A

Dungeon Overview and Level Annotations

Branches:
Dungeon (15/15)            Temple (1/1) D:5            Lair (6/6) D:8
 Shoals (3/4) Lair:4        Snake (4/4) Lair:2        Slime (0/5) Lair:5
    Orc (2/2) D:9             Elf (0/3) Orc:2        Vaults (0/5) D:13
 Depths (0/5) D:15         Bailey (visited)           IceCv (visited)
Gauntlet (visited)

Altars:
Ashenzari
Cheibriados
Dithmenos
Elyvilon
Fedhas
Gozag
Hepliaklqana
Kikubaaqudgha
Makhleb
Nemelex Xobeh
Okawaru
Qazlal
Ru
Sif Muna
Trog
Uskayaw
Vehumet
Wu Jian
Xom
Yredelemnul
Zin
The Shining One
Jiyva

Shops:
D:4 %   D:10 (   Orc:2 :*[(   Snake:1 [   Snake:2 (

Portals:
Trove: D:13 (give +7 demon blade)

Annotations:
Lair:2 exclusion: oklob plant


Innate Abilities, Weirdness & Mutations

You are resistant to torment.
Your stone body is resilient. (AC +14)
You are immune to poison.
Your large and strong wings let you fly indefinitely.
You resist negative energy. (rN+)
You are resistant to electric shocks. (rElec)
You can survive without breathing.
You are immune to petrification.
You are immune to rotting.
You have a pair of small horns on your head.
Your mind is acute. (Int +2)


Message History

The silver javelin pierces through the harpy!!
You hear a splash.
The merfolk hits you but does no damage.
The snapping turtle bites you but does no damage.
The harpy claws you but does no damage. x2
The merfolk hits you from afar with a +2 spear of flaming.
* * * LOW HITPOINT WARNING * * *
Your resistance to physical damage fades away.
You feel protected from fire.
The merfolk avatar chants its luring song.
The merfolk hits you but does no damage.
The merfolk avatar chants its luring song.
The harpy claws you!
* * * LOW HITPOINT WARNING * * *
You block the harpy's attack. You block the merfolk's attack.
The merfolk javelineer hits you but does no damage.
You writhe in agony.
* * * LOW HITPOINT WARNING * * *
The snapping turtle bites you from afar!
You die...

≈≈≈≈≈≈≈≈≈≈≈≈≈≈≈
≈≈≈≈≈≈≈≈≈≈≈≈≈≈≈
≈≈≈≈≈≈≈(H≈≈≈≈≈≈
≈≈≈≈≈≈≈≈≈≈≈≈≈≈≈
≈≈≈t≈≈≈≈≈≈≈≈≈≈≈
≈≈≈≈..≈○≈☼k≈≈≈≈≈
≈≈≈≈.m.§b§≈≈≈≈≈≈
≈≈≈≈≈≈.HHm≈≈≈≈≈≈≈≈≈#
.≈≈≈≈○m@mt≈≈≈≈≈≈≈≈≈.
≈≈≈≈≈mmmmH≈≈≈≈≈c≈≈≈.
.≈.≈≈Hmmmt≈≈≈≈≈c≈≈≈≈
≈≈≈≈≈≈mmmc###≈≈≈≈≈≈≈
≈≈≈(≈≈≈)(m§##c≈≈≈...
≈≈≈≈≈≈≈.##tc...≈..#
≈≈≈≈(≈≈...m.((###.#
≈≈≈≈≈≈≈≈...?m(#
≈≈≈≈≈≈≈≈≈(.(.#


You could see an alligator snapping turtle, 2 merfolk avatars, 2 merfolk
javelineers, a snapping turtle, a wind drake (repels missiles), 12 merfolk, 2
fire crabs, 2 fauns, 2 manticores, a merfolk siren (mesmerising), 3 harpies and
a fire bat.

Vanquished Creatures
  Jorgrun (Shoals:1)
  Polyphemus (Shoals:1)
  Kirke (D:14)
  Ilsuiw (Shoals:2)
  10 nagarajas
  A frost giant (IceCv)
  3 orc warlords
  The ghost of rayg00n the Fighter, a journeyman OgWz of Vehumet (Orc:1)
  An ironheart preserver (D:13)
  A minotaur (Gauntlet)
  A dire elephant (D:15)
  2 merfolk javelineers (Shoals:2)
  A fire dragon (Lair:6)
  4 merfolk impalers
  A great orb of eyes (D:15)
  5 hydras
  2 catoblepae
  18 naga warriors
  19 anacondas
  A death knight (D:14)
  2 centaur warriors (D:14)
  5 death yaks
  4 two-headed ogres
  Urug (D:12)
  A tengu warrior (D:15)
  3 orc high priests (Orc:2)
  9 naga sharpshooters
  7 shock serpents
  2 fire crabs
  Sonja (Lair:6)
  4 salamander mystics
  5 naga ritualists
  A swamp dragon (Lair:6)
  5 sea snakes
  An orange crystal statue (Gauntlet)
  4 orc knights
  2 lindwurms (Lair:5)
  5 harpies (Shoals:1)
  A wolf spider zombie (D:14)
  A wolf spider (D:15)
  7 mana vipers
  6 deep elf magi
  15 ugly things
  5 fauns
  7 orc sorcerers
  3 cyclopes
  A slime creature (D:15)
  19 naga magi
  12 elephants
  A moth of wrath (Orc:1)
  9 manticores
  10 salamanders
  4 merfolk sirens
  13 guardian serpents
  An eye of devastation (shapeshifter) (D:15)
  2 ice statues
  A gargoyle (D:13)
  33 black mambas
  13 spiny frogs
  8 rime drakes
  An efreet (D:15)
  12 komodo dragons
  A tengu conjurer (D:14)
  9 polar bears
  6 merfolk
  3 meliai (Lair:5)
  A queen bee (Lair:5)
  A meliai (shapeshifter) (D:15)
  7 trolls
  3 wind drakes
  16 blink frogs
  10 hippogriffs
  2 large abominations (Gauntlet)
  2 dream sheep (D:8)
  5 small abominations (Gauntlet)
  A snapping turtle (Shoals:1)
  4 shadows
  Sigmund (D:3)
  3 water elementals (Shoals:1)
  2 hogs (D:14)
  3 wraiths
  51 yaks
  6 wyverns
  3 fire bats
  8 basilisks
  9 vampire mosquitoes
  5 hungry ghosts
  4 steam dragons
  10 wargs
  49 nagas
  An acid dragon (Lair:6)
  Edmund (D:5)
  11 water moccasins
  4 porcupines
  2 swamp drakes (Lair:6)
  3 ice beasts
  2 eyes of draining
  40 orc warriors
  A black bear (D:6)
  7 sky beasts
  3 necrophages
  4 phantoms
  13 ogres
  18 wolves
  10 centaurs
  16 crocodiles
  6 big kobolds
  19 bullfrogs
  6 scorpions
  A water moccasin skeleton (D:11)
  31 killer bees
  8 wights
  6 howler monkeys
  9 crimson imps
  2 centaur zombies
  11 hounds
  A gnoll shaman (D:9)
  4 jellies
  4 bullfrog zombies
  7 centaur skeletons
  20 orc priests
  13 iguanas
  26 orc wizards
  A hell rat (Lair:5)
  15 worker ants
  3 worker ant zombies
  7 gnolls
  22 adders
  8 shadow imps
  15 white imps
  An adder zombie (D:6)
  An adder skeleton (D:5)
  4 worms
  A dart slug (D:2)
  6 leopard geckos
  101 orcs
  8 bats
  2 giant cockroaches
  10 goblins
  12 hobgoblins
  6 jackals
  7 quokkas
  3 ball pythons
  A ball python skeleton (D:4)
  6 frilled lizards
  29 kobolds
  2 quokka skeletons
  5 rats
  A bush (D:14)
1134 creatures vanquished.

Vanquished Creatures (others)
  A polar bear (IceCv)
  A warg (Orc:1)
  A sky beast (D:15)
  An orc warrior (Orc:2)
  A wolf (IceCv)
  A killer bee (Lair:5)
  An orc (D:15)
  12 fungi
  10 plants
29 creatures vanquished.

Grand Total: 1163 creatures vanquished

Notes
Turn   | Place    | Note
-------+----------+-------------------------------------------
     0 | D:1      | Delamore the Gargoyle Fighter began the quest for the Orb.
     0 | D:1      | Reached XP level 1. HP: 14/14 MP: 1/1
   563 | D:1      | Reached XP level 2. HP: 19/19 MP: 2/2
  1194 | D:2      | Reached XP level 3. HP: 23/23 MP: 3/3
  1210 | D:2      | Found a blossoming altar of Fedhas.
  1591 | D:2      | Reached XP level 4. HP: 25/28 MP: 4/4
  1876 | D:3      | Noticed Sigmund
  2319 | D:3      | Reached skill level 5 in Maces & Flails
  2355 | D:3      | Found a radiant altar of Vehumet.
  2358 | D:3      | Found a snail-covered altar of Cheibriados.
  2361 | D:3      | Found a sacrificial altar of Ru.
  2427 | D:3      | Reached XP level 5. HP: 32/32 MP: 5/5
  2455 | D:3      | Killed Sigmund
  2455 | D:3      | Reached XP level 6. HP: 15/37 MP: 2/6
  3295 | D:4      | Reached XP level 7. HP: 37/41 MP: 7/7
  4144 | D:4      | Found Hyiqisah's Food Shoppe.
  4536 | D:5      | Entered Level 5 of the Dungeon
  4559 | D:5      | Found a staircase to the Ecumenical Temple.
  4577 | Temple   | Entered the Ecumenical Temple
  4651 | Temple   | Became a worshipper of Qazlal Stormbringer
  4899 | D:5      | Noticed Edmund
  4915 | D:5      | Killed Edmund
  4919 | D:5      | Reached XP level 8. HP: 31/46 MP: 6/8
  5040 | D:5      | Identified the Collected Works on the Bewitching Volcanoes
  5469 | D:6      | Reached skill level 10 in Maces & Flails
  5887 | D:6      | Reached * piety under Qazlal
  6029 | D:6      | Reached XP level 9. HP: 51/51 MP: 9/9
  6447 | D:7      | Found a flagged portal.
  6454 | Bailey   | Entered a bailey
  6459 | Bailey   | Noticed an orc warlord
  6460 | Bailey   | Found the +0 sword of Power
  6545 | Bailey   | Found a runed translucent gate.
  6561 | Bailey   | Found a runed translucent gate.
  6563 | Bailey   | Found a runed translucent gate.
  6613 | Bailey   | Reached ** piety under Qazlal
  6657 | Bailey   | Killed an orc warlord
  6657 | Bailey   | Reached skill level 6 in Fighting
  6657 | Bailey   | Reached XP level 10. HP: 41/60 MP: 5/10
  6965 | D:7      | Found an iron altar of Okawaru.
  7089 | D:7      | Found a hide-covered altar of Uskayaw.
  7090 | D:7      | Found an ornate altar of the Wu Jian Council.
  7359 | D:7      | Found a white marble altar of Elyvilon.
  7581 | D:7      | Found a basalt altar of Yredelemnul.
  7767 | D:8      | Reached skill level 7 in Fighting
  7771 | D:8      | Noticed a two-headed ogre
  7787 | D:8      | Killed a two-headed ogre
  7814 | D:8      | Reached skill level 10 in Fighting
  7814 | D:8      | Reached skill level 10 in Shields
  7814 | D:8      | Reached XP level 11. HP: 73/73 MP: 11/11
  7815 | D:8      | Reached skill level 12 in Fighting
  7815 | D:8      | Reached XP level 12. HP: 82/82 MP: 12/12
  8196 | D:8      | Reached *** piety under Qazlal
  8258 | D:8      | Found a staircase to the Lair.
  8708 | D:8      | Noticed a three-headed hydra
  8720 | D:8      | Killed a three-headed hydra
  8926 | Lair:1   | Entered Level 1 of the Lair of Beasts
  9792 | Lair:2   | Reached XP level 13. HP: 87/87 MP: 13/13
  9802 | Lair:2   | Reached **** piety under Qazlal
  9892 | Lair:2   | Got an encrusted scale mail
  9908 | Lair:2   | Identified the +2 scale mail "Ladais" {Int+3} (You found it
                  | on level 2 of the Lair of Beasts)
 10096 | Lair:2   | Found a staircase to the Snake Pit.
 10927 | Lair:3   | Reached skill level 15 in Shields
 11738 | Lair:4   | Reached skill level 1 in Invocations
 11742 | Lair:4   | Reached skill level 1 in Evocations
 12330 | Lair:4   | Reached ***** piety under Qazlal
 12341 | Lair:4   | Gained mutation: Your large and strong wings let you fly
                  | indefinitely. [Gargoyle growth]
 12341 | Lair:4   | Reached XP level 14. HP: 77/92 MP: 17/17
 12454 | Lair:4   | Found a staircase to the Shoals.
 12902 | Lair:5   | Reached skill level 5 in Invocations
 12912 | Lair:5   | Found a gate leading to a gauntlet.
 12957 | Gauntlet | Entered a Gauntlet
 12957 | Gauntlet | Found a transporter.
 12968 | Gauntlet | Found a transporter.
 12970 | Gauntlet | Found a transporter.
 12971 | Gauntlet | Found a transporter.
 12978 | Gauntlet | Found a runed translucent door.
 12981 | Gauntlet | Found a transporter.
 12982 | Gauntlet | Found a transporter.
 12983 | Gauntlet | Found a transporter.
 12991 | Gauntlet | Found a transporter.
 12994 | Gauntlet | Found a transporter.
 12995 | Gauntlet | Found a transporter.
 13006 | Gauntlet | Found a transporter.
 13006 | Gauntlet | Found a transporter.
 13007 | Gauntlet | Found a transporter.
 13015 | Gauntlet | Found a transporter.
 13071 | Gauntlet | Found the brooch of Shielding {Spirit SH+8}
 13202 | Gauntlet | Identified the Reference Book on Ashen Good Luck
 13315 | Gauntlet | Reached skill level 5 in Evocations
 13410 | Gauntlet | Got a pair of scorched gloves
 13426 | Gauntlet | Identified the +2 pair of gloves of the Pit {Dex+6} (You
                  | found it in a Gauntlet)
 13441 | Gauntlet | Identified the +2 buckler of Lucidity {Str+5 Dex-5}
 14414 | Lair:5   | Found a viscous altar of Jiyva.
 14415 | Lair:5   | Found a staircase to the Slime Pits.
 14669 | Lair:6   | Entered Level 6 of the Lair of Beasts
 14806 | Lair:6   | Noticed Sonja
 14831 | Lair:6   | Killed Sonja
 15104 | Lair:6   | Reached ****** piety under Qazlal
 15286 | Lair:6   | Got a glimmering chain mail
 15309 | Lair:6   | Identified the cursed +0 chain mail "Jiowicruere" {rF+
                  | Int+7} (You found it on level 6 of the Lair of Beasts)
 16473 | D:9      | Found a staircase to the Orcish Mines.
 16541 | D:9      | Found a shadowy altar of Dithmenos.
 16767 | D:10     | Entered Level 10 of the Dungeon
 16789 | D:10     | Reached skill level 5 in Armour
 16866 | D:10     | Reached XP level 15. HP: 97/97 MP: 22/22
 16966 | D:10     | Found Ucej's Antique Weapon Emporium.
 17002 | D:10     | Got an ancient ring mail
 17008 | D:10     | Identified the cursed +1 ring mail of the Black Moon {rF++
                  | Str+3} (You found it on level 10 of the Dungeon)
 17653 | D:11     | Found a shattered altar of Ashenzari.
 17657 | D:11     | Saw a vision of the Shoals and the Snake Pit.
 17763 | D:11     | Got an ichor-stained ring mail
 17779 | D:11     | Identified the +1 ring mail "Enyeti" {rF++ rC- MP+9 Stlth+}
                  | (You found it on level 11 of the Dungeon)
 18434 | D:12     | Noticed Urug
 18435 | D:12     | Paralysed by Urug for 3 turns
 18448 | D:12     | Killed Urug
 18617 | D:12     | Got a scorched ring mail
 19128 | D:12     | Identified the cursed +0 ring mail of Inapsupp {Dex+2} (You
                  | found it on level 12 of the Dungeon)
 19393 | D:13     | Reached skill level 10 in Armour
 19432 | D:13     | Found a gate to the Vaults.
 19723 | D:13     | Found a portal to a secret trove of treasure.
 20235 | D:14     | Found a stormy altar of Qazlal.
 20864 | D:14     | Noticed Kirke
 20878 | D:14     | Killed Kirke
 21387 | D:15     | Entered Level 15 of the Dungeon
 21559 | D:15     | Reached XP level 16. HP: 92/102 MP: 23/23
 21823 | D:15     | Paralysed by a great orb of eyes for 7 turns
 22332 | D:15     | Found a staircase to the Depths.
 22596 | Orc:1    | Entered Level 1 of the Orcish Mines
 22957 | Orc:1    | Found a transporter.
 22961 | Orc:1    | Noticed rayg00n's ghost (journeyman OgWz)
 22967 | Orc:1    | Found a transporter.
 23026 | Orc:1    | Killed rayg00n's ghost
 23370 | Orc:2    | Entered Level 2 of the Orcish Mines
 23370 | Orc:2    | Found a staircase to the Elven Halls.
 23424 | Orc:2    | Reached skill level 15 in Armour
 23532 | Orc:2    | Found Nele's Antique Armour Boutique.
 23573 | Orc:2    | Found a frozen archway.
 23597 | Orc:2    | Gained mutation: You are occasionally teleported next to
                  | monsters. [a neqoxec]
 23602 | Orc:2    | Gained mutation: Your body sometimes deteriorates upon
                  | taking damage. [a neqoxec]
 23777 | IceCv    | Entered an ice cave
 24454 | IceCv    | Identified the Catalogue of Earth
 25042 | Orc:2    | Found Gebeurgh's General Store.
 25045 | Orc:2    | Found a shimmering altar of Xom.
 25095 | Orc:2    | Found Vuacorum's Book Shoppe.
 25216 | Orc:2    | Found Afypp's Antique Weapon Shoppe.
 25474 | Snake:1  | Entered Level 1 of the Snake Pit
 25846 | Snake:1  | Found Yribruet's Antique Armour Boutique.
 25863 | Snake:1  | Bought a pitted cloak for 190 gold pieces
 25863 | Snake:1  | Identified the -1 cloak "Saby" {rCorr Stlth+} (You bought
                  | it in a shop on level 1 of the Snake Pit)
 26337 | Snake:1  | Reached XP level 17. HP: 108/108 MP: 24/24
 26383 | Snake:1  | Reached skill level 13 in Fighting
 27276 | Snake:2  | Reached skill level 15 in Maces & Flails
 27466 | Snake:2  | Found Zaajo's Weapon Emporium.
 27747 | Snake:2  | Learned a level 2 spell: Song of Slaying
 27813 | Snake:3  | Reached skill level 14 in Fighting
 29020 | Snake:4  | Entered Level 4 of the Snake Pit
 29120 | Snake:4  | Reached skill level 15 in Fighting
 29291 | Snake:4  | Reached XP level 18. HP: 75/119 MP: 22/25
 29373 | Snake:4  | Reached skill level 16 in Fighting
 29637 | Snake:3  | Lost mutation: You are occasionally teleported next to
                  | monsters. [potion of mutation]
 29637 | Snake:3  | Lost mutation: Your body sometimes deteriorates upon taking
                  | damage. [potion of mutation]
 29637 | Snake:3  | Gained mutation: You have large cloven feet. [potion of
                  | mutation]
 29637 | Snake:3  | Gained mutation: Your mind is acute. (Int +2) [potion of
                  | mutation]
 29637 | Snake:3  | Lost mutation: You have large cloven feet. [potion of
                  | mutation]
 29637 | Snake:3  | Gained mutation: You have a pair of small horns on your
                  | head. [potion of mutation]
 29772 | Snake:4  | Reached skill level 17 in Fighting
 30490 | Snake:4  | Got a serpentine rune of Zot
 30705 | Shoals:1 | Entered Level 1 of the Shoals
 31066 | Shoals:1 | Reached skill level 18 in Fighting
 31320 | Shoals:1 | Noticed Jorgrun
 31343 | Shoals:1 | Killed Jorgrun
 31923 | Shoals:2 | Noticed Polyphemus
 31949 | Shoals:1 | Killed Polyphemus
 32253 | Shoals:2 | Noticed Ilsuiw
 32371 | Shoals:2 | Killed Ilsuiw
 32964 | Shoals:2 | Reached XP level 19. HP: 126/132 MP: 23/26
 33249 | Shoals:3 | Reached skill level 19 in Fighting
 33283 | Shoals:3 | HP: 4/132 [harpy (3)]
 33284 | Shoals:3 | Mangled by a snapping turtle

Illustrated notes

Levels and vault maps discovered:
D:1:      tarquinn_simple_flora_water_f, layout_basic
D:2:      layout_loops_ring, fedhas_altar_3, minmay_small_reverse_x
D:3:      layout_loops_ring, grunt_temple_overflow_diamond, uniq_sigmund
D:4:      layout_basic, serial_shops, nicolae_shop_window_shopping,
          first_ration, kennysheep_another_room
D:5:      layout_rooms, minmay_temple_entry_arrows, uniq_edmund
D:6:      minmay_thinvault, layout_basic
D:7:      layout_loops_corners, kennysheep_ying_yang,
          grunt_temple_overflow_open, okawaru_metal_pillars_1_2, enter_bailey_2
D:8:      layout_basic, lair_entry_dummy, serial_curves, eino_curves_01,
          eino_curves_04, hangedman_ranch [blue_anna_fruit_fields],
          minmay_statues_item
D:9:      layout_gridville, nicolae_dithmenos_shadow_blocks, david_orc_4,
          minmay_joined_circles
D:10:     layout_long_grid, serial_shops, shop, minmay_nine_imps
D:11:     layout_basic, grunt_ashenzari_visionary
          [grunt_ashenzari_visionary_shoals, grunt_ashenzari_visionary_snake]
D:12:     layout_basic, uniq_urug
D:13:     layout_long_grid, skrybe_vaults_entry_preservation, special_room
          [special_room_orc], nicolae_trove_entry_columns
D:14:     layout_grid_maze, serial_park_paths [serial_park_minivault_5x5_4],
          st_stairs_7, kennysheep_generic_room_2, uniq_kirke
D:15:     hangedman_depths_entry_try_elsewhere_first, layout_cave_pools,
          chequers_serial_rivers_small_a, minivault_16, drop_trap,
          kennysheep_two_boxes
Temple:   nicolae_temple_x_marks_the_god
Lair:1:   layout_loops_ring, minivault_19, minivault_19
Lair:2:   layout_chaotic_city, minmay_snake_entry_six_corridors,
          minmay_lair_oklob_chamber
Lair:3:   layout_hall_layers, infiniplex_staircase_pool_2, grunt_megastairs_3
Lair:4:   layout_long_grid, minmay_shoals_entry_lonely_mermaid,
          beast_lair_carwin_2
Lair:5:   regret_index_wax_grids, layout_misc_corridors, slime_altar_1,
          gauntlet_entry_generic, minmay_hedge_maze
Lair:6:   guppyfry_lair_end_dragon, layout_loops_ring, uniq_sonja
Shoals:1: layout_shoals, uniq_jorgrun
Shoals:2: layout_shoals, uniq_polyphemus, uniq_ilsuiw
Shoals:3: layout_shoals, hangedman_shoal_volcano
Snake:1:  layout_grid_maze, serial_shops, shop, st_stairs_1
Snake:2:  layout_rooms, special_room, minmay_shop_star
Snake:3:  layout_grid_maze
Snake:4:  grunt_snake_rune_serpentine_throne, layout_onion
Orc:1:    layout_caves, gammafunk_ghost_berserking_beasts
Orc:2:    grunt_orc_gardens, layout_caves, grunt_orc_garden, grunt_orc_garden,
          grunt_orc_garden, grunt_orc_garden, basic_altar,
          portal_ice_cave_entry_imps

Skill      XL: |  1  2  3  4  5  6  7  8  9 10 11 12 13 14 15 16 17 18 19 |
---------------+----------------------------------------------------------+-----
Maces & Flails | 3 4 5 6 7 9 11 12 14 16 | 16.0
Fighting       | 6 10 12 15 18 19 | 19.1
Shields        | 6 10 12 13 15 | 15.0
Invocations    | 4 9 |  9.4
Evocations     | 3 7 |  7.9
Armour         | 5 13 16 | 16.2

Action                   |  1- 3 |  4- 6 |  7- 9 | 10-12 | 13-15 | 16-18 | 19-21 || total
-------------------------+-------+-------+-------+-------+-------+-------+-------++-------
Melee: Flail             |   126 |   139 |   273 |   267 |  1593 |  1658 |    31 ||  4087
       Mace              |       |    43 |       |       |       |       |       ||    43
       Headbutt          |       |       |       |       |       |   116 |     7 ||   123
Throw: Dart              |       |    16 |     9 |       |       |       |       ||    25
       Boomerang         |       |       |    32 |       |       |       |       ||    32
       Javelin           |       |       |       |       |    14 |     4 |       ||    18
Invok: Upheaval          |       |       |     1 |       |       |       |     1 ||     2
       Disaster Area     |       |       |       |       |     3 |     8 |       ||    11
 Abil: Fly               |       |       |       |       |       |     1 |       ||     1
  Use: Scroll            |       |       |    12 |     1 |    22 |     7 |     2 ||    44
       Potion            |       |       |       |     2 |     1 |     3 |     5 ||    11
 Stab: Confused          |       |       |       |       |     1 |       |       ||     1
  Eat: Chunk             |     2 |     6 |    10 |     8 |    26 |    17 |       ||    69
       Ration            |       |       |       |     1 |     4 |     6 |     1 ||    12
Armor: Scale mail        |    89 |    78 |   106 |    67 |   188 |       |       ||   528
       Plate armour      |       |       |    48 |       |       |       |       ||    48
       Skin              |       |       |       |       |     8 |       |       ||     8
       Ring mail         |       |       |       |       |    76 |   336 |    46 ||   458
Dodge: Dodged            |    32 |    45 |    72 |    42 |   183 |   228 |    21 ||   623
       Repelled          |       |       |       |       |     5 |    51 |    12 ||    68
Block: Kite shield       |    58 |    71 |   157 |   187 |  1472 |  2081 |   107 ||  4133
